 Dungeon Crawl Stone Soup version 0.30-a0-341-g682706514a (webtiles) character file.

Game seed: 16300406445148846285

263 retardedninja the Trooper (level 6, 0/56 HPs)
             Began as a Hill Orc Fighter on Nov 1, 2022.
             Slain by an orc wizard
             ... wielding a +0 dagger
              (3 damage)
             ... on level 3 of the Dungeon.
             The game lasted 00:03:22 (2760 turns).

retardedninja the Trooper (Hill Orc Fighter)        Turns: 2760, Time: 00:03:23

Health: 0/56       AC: 10    Str: 21    XL:     6   Next: 19%
Magic:  6/6        EV:  9    Int:  8    God:
Gold:   146        SH:  4    Dex: 10    Spells: 5/5 levels left

rFire   . . .      SeeInvis .    a - +0 war axe
rCold   + . .      Faith    .    c - +0 buckler
rNeg    . . .      Spirit   .    b - +0 scale mail
rPois   .          Reflect  .    (no helmet)
rElec   .          Harm     .    (no cloak)
rCorr   .          Rampage  .    s - +0 pair of gloves
Will    .....                    q - +0 pair of boots
Stlth   ..........               (no amulet)
HPRegen 0.29/turn                m - +4 ring of protection
MPRegen 0.10/turn                (no ring)

@: brilliant, hasted, very quick
A: claws 1, cold resistance 1, deformed body, MP-powered wands
a: Convert to Beogh


You were on level 3 of the Dungeon.
You visited 1 branch of the dungeon, and saw 3 of its levels.

You collected 146 gold pieces.

Inventory:

Hand Weapons
 a - a +0 war axe (weapon)
Missiles
 t - 5 boomerangs (quivered)
Armour
 b - a +0 scale mail (worn)
 c - a +0 buckler (worn)
 q - a +0 pair of boots (worn)
 s - a +0 pair of gloves (worn)
Jewellery
 e - a ring of resist corrosion
 m - a +4 ring of protection (left hand)
 p - a ring of positive energy
 u - a +6 ring of dexterity
Wands
 r - a wand of flame (26)
Scrolls
 d - a scroll of vulnerability {unknown}
 j - 5 scrolls of teleportation {unknown}
 l - 2 scrolls of identify {unknown}
 n - a scroll of enchant weapon {unknown}
Potions
 f - a potion of haste
 g - a potion of resistance {unknown}
 h - 2 potions of brilliance
 o - a potion of flight {unknown}
 v - a potion of degeneration {unknown}


   Skills:
 + Level 5.1 Fighting
 + Level 4.6 Axes
 + Level 4.6 Armour
 + Level 4.6 Shields


You had 5 spell levels left.
You didn't know any spells.
Your spell library contained the following spells:

 Spells                   Type           Power      Damage    Failure   Level
 Beastly Appendage        Tmut           0%         N/A       83%         1
 Wereblood                Tmut           0%         N/A       92%         2
 Spider Form              Tmut/Pois      0%         N/A       99%         3


Dungeon Overview and Level Annotations

Branches:
Dungeon (3/15)

Altars:
Yredelemnul


Innate Abilities, Weirdness & Mutations

You have sharp fingernails.
Your flesh is cold resistant. (rC+)
Armour fits poorly on your strangely shaped body.
You expend magic power (3 MP) to strengthen your wands.


Message History

The orc priest threatens, "By the altar or by the axe, you will meet Beogh!"
The orc priest hits you but does no damage.
You completely miss something. You barely miss the orc priest.
An orc wizard appears from thin air!
Reactivating autopickup.
The orc wizard hits you but does no damage.
The orc priest invokes the aid of Beogh against you.
Beogh smites you!
* * * LOW HITPOINT WARNING * * *
You bump into the rock wall.
The orc wizard completely misses you.
The orc priest looks encouraged for a moment.
It was a potion of brilliance.
You feel clever all of a sudden.
The orc wizard casts a spell.
The orc wizard flickers and vanishes!
Deactivating autopickup; reactivate with Ctrl-A.
The orc priest hits you but does no damage.
It was a potion of haste.
You feel yourself speed up. Something hits you.
* * * LOW HITPOINT WARNING * * *
The orc priest hits you with a +0 club.
* * * LOW HITPOINT WARNING * * *
It was a potion of curing.
You feel better. Something hits you.
* * * LOW HITPOINT WARNING * * *
The orc priest hits you but does no damage.
It was a potion of mutation.
You feel extremely strange.
You feel resistant to cold.
Your body twists and deforms.
You feel your magical essence link to the dungeon's wands.
Your fingernails lengthen.
Something hits you but does no damage.
The orc priest miscasts a cantrip.
Okay, then.
You miss something. You hit the orc priest. You closely miss something.
You hit the orc priest.
The orc priest threatens, "By the altar or by the axe, you will meet Beogh!"
Something hits you but does no damage.
The orc priest mumbles some strange prayers to Beogh against you.
Beogh smites you!
* * * LOW HITPOINT WARNING * * *
You miss something. You barely miss the orc priest. Something hits you.
You die...

#....####.........#.....#.
#...## ##.......######..#
###.# ##.....## ##.# #.#
##...## #.# #.# ##+# #.#
#.# #.# #.# #.# #.#######
#.# #....){@# #.#
######)#o......
#.###....[. ## ##.### #


You could see an orc priest.

Vanquished Creatures
  An ogre (D:2)
  The ghost of Muataran the Chopper, a weakling HOMo (D:3)
  A scorpion zombie (D:3)
  An adder (D:2)
  3 gnolls
  An adder zombie (D:3)
  3 dart slugs (D:1)
  4 orcs (D:3)
  3 ball pythons
  A bat (D:1)
  3 endoplasms
  2 giant cockroaches
  6 goblins
  7 hobgoblins
  3 jackals (D:3)
  5 kobolds
  3 quokkas
  2 frilled lizards
  2 rats
52 creatures vanquished.

Notes
Turn   | Place    | Note
-------+----------+-------------------------------------------
     0 | D:1      | retardedninja the Hill Orc Fighter began the quest for the
                  | Orb.
     0 | D:1      | Reached XP level 1. HP: 19/19 MP: 1/1
   143 | D:1      | Reached XP level 2. HP: 27/27 MP: 2/2
   231 | D:1      | Reached skill level 4 in Fighting
   407 | D:1      | Found a faded altar of an unknown god.
   491 | D:1      | You fall into a shaft and drop 1 floor!
   507 | D:2      | Reached XP level 3. HP: 26/33 MP: 3/3
   623 | D:2      | Noticed an ogre
  1054 | D:1      | Reached XP level 4. HP: 40/40 MP: 4/4
  1580 | D:2      | Killed an ogre
  1581 | D:2      | Reached XP level 5. HP: 16/47 MP: 5/5
  2503 | D:3      | Found a runed translucent gate.
  2503 | D:3      | Found a runed translucent gate.
  2503 | D:3      | Found a runed translucent gate.
  2503 | D:3      | Noticed Muataran's ghost (weakling HOMo)
  2505 | D:3      | Found a basalt altar of Yredelemnul.
  2543 | D:3      | Killed Muataran's ghost
  2544 | D:3      | Reached skill level 5 in Fighting
  2544 | D:3      | Reached XP level 6. HP: 46/56 MP: 6/6
  2757 | D:3      | Gained mutation: Your flesh is cold resistant. (rC+)
                  | [potion of mutation]
  2757 | D:3      | Gained mutation: Armour fits poorly on your strangely
                  | shaped body. [potion of mutation]
  2757 | D:3      | Gained mutation: You expend magic power (3 MP) to
                  | strengthen your wands. [potion of mutation]
  2757 | D:3      | Gained mutation: You have sharp fingernails. [potion of
                  | mutation]
  2760 | D:3      | Slain by an orc wizard

Illustrated notes

Levels and vault maps discovered:
D:1:      dpeg_arrival_shrine, layout_basic, shapermc_ecumenical_altar_petra,
          minmay_heptomino_d4
D:2:      layout_basic, hangedman_abyss_or_decor_stabs, dk_noncrumbling_3
D:3:      layout_loops_corners, nicolae_yredelemnul_ghost_church

Skill      XL: |  1  2  3  4  5 |
---------------+----------------+-----
Axes           | 3 4 |  4.6
Fighting       | 4 5 |  5.1
Armour         | 4 |  4.6
Shields        | 4 |  4.6

Action                   |  1- 3 |  4- 6 || total
-------------------------+-------+-------++-------
Melee: War axe           |    60 |   100 ||   160
Throw: Boomerang         |       |     7 ||     7
  Use: Potion            |       |     5 ||     5
Armor: Scale mail        |    28 |    65 ||    93
Dodge: Dodged            |    37 |    37 ||    74
Block: Buckler           |    14 |    29 ||    43

Table legend: (Time is in decaauts)
 A = Elapsed time spent in this place.
 B = Non-inter-level travel time spent in this place.
 C = Inter-level travel time spent in this place.
 D = Time resting spent in this place.
 E = Time spent auto-exploring this place.
 F = Levels seen in this place.
 G = Mean time per level.
                   A        B        C        D        E       F      G
               +--------+--------+--------+--------+--------+-----+--------+
         Total |   2816 |   2750 |     66 |    470 |   1809 |   3 |  938.7 |
       Dungeon |   2816 |   2750 |     66 |    470 |   1809 |   3 |  938.7 |
               +--------+--------+--------+--------+--------+-----+--------+

Top non-repeatable levels by time:
     D:1: 1292 daAuts
     D:2: 841 daAuts
     D:3: 682 daAuts
